Blue Jackets vs Coyotes (R1)

Created - 8 mai 2015 at 19:34

Goals
1 2 3 T
Blue Jackets 2 2 0 4
Coyotes 1 2 0 3
Shots
1 2 3 T
Blue Jackets 14 5 7 26
Coyotes 13 15 4 32

1st period

1. Blue Jackets , Patric Hornqvist 8 (Marc Savard) at 5:48 (PP)
2. Coyotes , Chad Larose 2 (Erik Cole, Drew Miller) at 9:56
3. Blue Jackets , Jan Bulis 6 (Wade Redden, Branislav Mezei) at 13:57

Penalties :
Frans Nielsen (Ari) for Hooking (Minor) at 5:41, Chris Stewart (Ari) for Hooking (Minor) at 12:28, Kevin Bieksa (Clb) for Tripping (Minor) at 13:15, Denis Grebeshkov (Ari) for Hooking (Minor) at 14:39, Dave Steckel (Clb) for Slashing (Minor) at 18:49

2nd period

4. Coyotes , Saku Koivu 7 (Chris Stewart, Frans Nielsen) at 3:38
5. Coyotes , Frans Nielsen 7 (Sami Kapanen, Saku Koivu) at 4:33 (PP)
6. Blue Jackets , Patric Hornqvist 9 (David Booth) at 5:06
7. Blue Jackets , David Booth 12 (Marc Savard) at 15:32

Penalties :
Marc Savard (Clb) for Slashing (Minor) at 3:41, Jan Bulis (Clb) for Slashing (Minor) at 11:58, Kevin Bieksa (Clb) for Hooking (Minor) at 17:31

3rd period

No Goal

Penalties :
Sergei Gonchar (Ari) for Interference (Minor) at 3:28, Tomas Kloucek (Ari) for Interference (Minor) at 5:47, Tim Connolly (Ari) for Slashing (Minor) at 11:09, Tyler Ennis (Ari) for Hooking (Minor) at 17:01

Goalie Stats

Rick DiPietro (Clb), 29 saves from 32 shots - (0,906), W, 11-3-2, 60:00 minutes
Ryan Miller (Ari), 22 saves from 26 shots - (0,846), L, 12-5-1, 59:32 minutes

Players Stats for Blue Jackets

Player Name              G  A  P  +/- PIM S  H  SB GA TA FO     MP     PP MP  PK MP  
------------------------------------------------------------------------------------
Adam Deadmarsh           0  0  0   0  0   2  1  0  0  0  0/0    15:56   4:53   0:00 
Brad Stuart              0  0  0   0  0   0  0  0  0  1  0/0    12:25   0:00   0:36 
Branislav Mezei          0  1  1   1  0   4  1  2  0  2  0/0    27:23   5:41   4:15 
Chris Kelly              0  0  0   0  0   0  1  1  0  0  4/6    13:28   0:17   2:19 
Dave Steckel             0  0  0   0  2   0  1  0  1  1  0/2     7:40   0:00   0:42 
David Booth              1  1  2   1  0   2  3  0  0  1  0/2    22:12   4:53   4:24 
François Beauchemin      0  0  0   0  0   0  1  0  0  1  0/0    20:26   4:33   2:22 
Jan Bulis                1  0  1   1  2   3  1  0  0  0  4/10   17:00   4:57   0:42 
Jason Ward               0  0  0  -1  0   1  3  0  0  1  0/1    12:48   0:11   0:56 
Jeff Taffe               0  0  0   0  0   0  0  0  0  0  0/0     9:14   0:11   1:12 
Kevin Bieksa             0  0  0   0  4   3  1  0  1  1  0/0    20:13   4:49   1:42 
Marc Savard              0  2  2   1  2   2  2  0  1  0  18/30  21:34   4:53   3:47 
Marcus Nilson            0  0  0  -1  0   0  0  1  0  0  1/1    12:05   0:24   0:00 
Mike Commodore           0  0  0   0  0   1  0  2  0  1  0/0    12:31   0:00   0:52 
Patric Hornqvist         2  0  2   1  0   4  2  0  0  0  0/1    16:10   4:53   0:00 
Pavel Bure               0  0  0   0  0   0  1  0  0  1  0/1     6:47   0:00   0:00 
Ramzi Abid               0  0  0   0  0   3  3  0  1  0  1/4    15:56   4:53   0:00 
Wade Redden              0  1  1   1  0   1  1  0  2  0  0/0    27:19   5:41   4:15 

Players Stats for Coyotes

Player Name              G  A  P  +/- PIM S  H  SB GA TA FO     MP     PP MP  PK MP  
------------------------------------------------------------------------------------
Andy Sutton              0  0  0   0  0   1  1  0  0  0  0/0    19:44   0:12   6:28 
Anton Stralman           0  0  0   0  0   0  3  0  0  0  0/0    17:32   2:26   3:46 
Chad Larose              1  0  1   0  0   4  2  1  0  0  5/6    16:10   0:14   5:46 
Chris Stewart            0  1  1   1  2   1  0  0  2  0  0/0    14:44   3:14   0:00 
Denis Grebeshkov         0  0  0  -2  2   1  0  0  0  1  0/0    23:33   4:34   3:15 
Drew Miller              0  1  1  -2  0   1  1  1  0  1  2/9    22:21   3:33   5:57 
Erik Christensen         0  0  0   0  0   1  2  0  0  0  3/3     7:54   0:10   2:02 
Erik Cole                0  1  1   0  0   2  0  0  1  0  0/0    12:51   0:00   2:42 
Frans Nielsen            1  1  2   0  2   2  4  1  0  0  1/2    17:54   3:12   2:58 
Kurt Sauer               0  0  0  -1  0   1  2  1  0  1  0/0    23:26   0:00   6:14 
Marian Gaborik           0  0  0  -1  0   5  3  1  3  0  1/3    18:32   3:35   0:00 
Saku Koivu               1  1  2   1  0   3  2  2  0  0  8/14   14:43   3:12   0:00 
Sami Kapanen             0  1  1   0  0   2  1  0  0  0  0/0    10:05   2:26   0:00 
Sergei Gonchar           0  0  0   1  2   2  1  1  0  1  0/0    20:37   4:23   0:33 
Shawn Thornton           0  0  0   0  0   0  0  0  0  1  0/0     7:10   0:14   1:03 
Tim Connolly             0  0  0  -1  2   5  1  0  2  1  10/21  18:36   3:39   0:00 
Tomas Kloucek            0  0  0   0  2   0  0  0  0  0  0/0    10:53   0:00   0:12 
Tyler Ennis              0  0  0   0  2   1  2  0  2  0  0/0    11:07   0:00   0:00 

3 Stars

1 - Patric Hornqvist (Clb)
2 - David Booth (Clb)
3 - Saku Koivu (Ari)

Power Play

Blue Jackets - 1 on 7 Attempt(s) - 14,29%
Coyotes - 1 on 5 Attempt(s) - 20,00%

Penalty Kill

Blue Jackets - 4 on 5 Attempt(s) - 80,00% - Score 0 goal in Penalty Kill
Coyotes - 6 on 7 Attempt(s) - 85,71% - Score 0 goal in Penalty Kill

Team Stat

Blue Jackets - Hits : 22 - Faceoff Wins : 28 - Blocked Shots : 6 - Penalty Minutes : 10
Coyotes - Hits : 25 - Faceoff Wins : 30 - Blocked Shots : 8 - Penalty Minutes : 14

Official

Referees : Furlatt Eric and VanMassenhoven Don
Linesman : Bryan Pancich and Greg Devorski

Game Notes

No Game Note

Finance

Level 1 -- Attendance: 6000 (100,00%) -- Ticket Income 750 000 $
Level 2 -- Attendance: 5000 (100,00%) -- Ticket Income 375 000 $
Level 3 -- Attendance: 1981 (99,05%) -- Ticket Income 99 050 $
Level 4 -- Attendance: 3776 (94,40%) -- Ticket Income 151 040 $
Luxury Box -- Attendance: 1000 (100,00%) -- Ticket Income 250 000 $
Game was played at the The Pack Center'
Total Attendance: 17757 (98,65%)
Total Ticket Income: 1 625 090 $
Other Income: 243 764 $
Total Income: 1 868 854 $

Blue Jackets

5 vs 5 Forward 
   Center                   Left Wing                Right Wing               Time % Phy DF OF 
 1 Marc Savard              David Booth              Patric Hornqvist         40     1   2  2  
 2 Jan Bulis                Ramzi Abid               Adam Deadmarsh           27     1   2  2  
 3 Chris Kelly              Marcus Nilson            Jason Ward               23     1   2  2  
 4 Dave Steckel             Jeff Taffe               Pavel Bure               10     1   2  2  

5 vs 5 Defense 
   Defense                  Defense                                           Time % Phy DF OF 
 1 Branislav Mezei          Wade Redden                                       40     1   2  2  
 2 Kevin Bieksa             François Beauchemin                               30     1   2  2  
 3 Brad Stuart              Mike Commodore                                    20     1   2  2  
 4 Branislav Mezei          Wade Redden                                       10     1   2  2  

PowerPlay Forward 
   Center                   Left Wing                Right Wing               Time % Phy DF OF 
 1 Marc Savard              David Booth              Patric Hornqvist         60     1   2  2  
 2 Jan Bulis                Ramzi Abid               Adam Deadmarsh           40     1   2  2  

PowerPlay Defense
   Defense                  Defense                                           Time % Phy DF OF 
 1 Branislav Mezei          Wade Redden                                       60     1   2  2  
 2 Kevin Bieksa             François Beauchemin                               40     1   2  2  

Penalty Kill 4 Players Forward 
   Center                   Wing                     Time % Phy DF OF 
 1 Marc Savard              David Booth              60     1   2  2  
 2 Jan Bulis                Chris Kelly              40     1   2  2  

Penalty Kill 4 Players Defense
   Defense                  Defense                  Time % Phy DF OF 
 1 Branislav Mezei          Wade Redden              60     1   2  2  
 2 Kevin Bieksa             François Beauchemin      40     1   2  2  

Penalty Kill - 3 Players Forward 
   Forward                                           Time % Phy DF OF 
 1 Marc Savard                                       60     1   2  2  
 2 David Booth                                       40     1   2  2  

Penalty Kill - 3 Players Defense
   Defense                  Defense                  Time % Phy DF OF 
 1 Branislav Mezei          Wade Redden              60     1   2  2  
 2 Kevin Bieksa             François Beauchemin      40     1   2  2  

4 vs 4 Forward 
   Center                   Wing                     Time % Phy DF OF 
 1 Marc Savard              David Booth              60     1   2  2  
 2 Jan Bulis                Chris Kelly              40     1   2  2  

4 vs 4 Defense
   Defense                  Defense                  Time % Phy DF OF 
 1 Branislav Mezei          Wade Redden              60     1   2  2  
 2 Kevin Bieksa             François Beauchemin      40     1   2  2  

Last Minutes Offensive
   Center                   Left Wing                Right Wing               Defense                  Defense                  
   Marc Savard              David Booth              Patric Hornqvist         Branislav Mezei          Wade Redden              

Last Minutes Defensive
   Center                   Left Wing                Right Wing               Defense                  Defense                  
   Marc Savard              David Booth              Patric Hornqvist         Branislav Mezei          Wade Redden              

Goaltenders
Starting : Rick DiPietro            
Backup : Mathieu Garon            

Extra Forwards
Normal : Marcus Nilson, Jeff Taffe, Jason Ward - PP : Marcus Nilson, Jeff Taffe - PK : Jason Ward
Extra Defensemen
Normal : Brad Stuart, Mike Commodore, Kevin Bieksa - PP : Brad Stuart - PK : Mike Commodore, Kevin Bieksa
Penalty Shots
Marc Savard, David Booth, Jan Bulis, Chris Kelly, Patric Hornqvist

Coyotes

5 vs 5 Forward 
   Center                   Left Wing                Right Wing               Time % Phy DF OF 
 1 Tim Connolly             Drew Miller              Marian Gaborik           35     1   1  3  
 2 Saku Koivu               Frans Nielsen            Chris Stewart            32     1   2  2  
 3 Chad Larose              Erik Cole                Tyler Ennis              25     1   2  2  
 4 Erik Christensen         Shawn Thornton           Sami Kapanen             8      1   2  2  

5 vs 5 Defense 
   Defense                  Defense                                           Time % Phy DF OF 
 1 Denis Grebeshkov         Kurt Sauer                                        44     1   3  1  
 2 Sergei Gonchar           Andy Sutton                                       35     1   2  2  
 3 Tomas Kloucek            Anton Stralman                                    20     1   3  1  
 4 Kurt Sauer               Sergei Gonchar                                    1      1   2  2  

PowerPlay Forward 
   Center                   Left Wing                Right Wing               Time % Phy DF OF 
 1 Tim Connolly             Drew Miller              Marian Gaborik           60     0   0  5  
 2 Saku Koivu               Frans Nielsen            Chris Stewart            40     0   0  5  

PowerPlay Defense
   Defense                  Defense                                           Time % Phy DF OF 
 1 Denis Grebeshkov         Sergei Gonchar                                    60     0   1  4  
 2 Anton Stralman           Sami Kapanen                                      40     0   1  4  

Penalty Kill 4 Players Forward 
   Center                   Wing                     Time % Phy DF OF 
 1 Drew Miller              Chad Larose              60     0   5  0  
 2 Frans Nielsen            Erik Cole                40     0   5  0  

Penalty Kill 4 Players Defense
   Defense                  Defense                  Time % Phy DF OF 
 1 Andy Sutton              Kurt Sauer               60     0   5  0  
 2 Denis Grebeshkov         Andy Sutton              40     0   5  0  

Penalty Kill - 3 Players Forward 
   Forward                                           Time % Phy DF OF 
 1 Marian Gaborik                                    60     0   5  0  
 2 Tim Connolly                                      40     0   5  0  

Penalty Kill - 3 Players Defense
   Defense                  Defense                  Time % Phy DF OF 
 1 Kurt Sauer               Anton Stralman           60     0   5  0  
 2 Denis Grebeshkov         Andy Sutton              40     0   5  0  

4 vs 4 Forward 
   Center                   Wing                     Time % Phy DF OF 
 1 Marian Gaborik           Tim Connolly             60     1   1  3  
 2 Frans Nielsen            Drew Miller              40     1   3  1  

4 vs 4 Defense
   Defense                  Defense                  Time % Phy DF OF 
 1 Kurt Sauer               Sergei Gonchar           60     1   2  2  
 2 Denis Grebeshkov         Andy Sutton              40     1   2  2  

Last Minutes Offensive
   Center                   Left Wing                Right Wing               Defense                  Defense                  
   Tim Connolly             Tyler Ennis              Marian Gaborik           Denis Grebeshkov         Sergei Gonchar           

Last Minutes Defensive
   Center                   Left Wing                Right Wing               Defense                  Defense                  
   Drew Miller              Erik Cole                Chad Larose              Kurt Sauer               Denis Grebeshkov         

Goaltenders
Starting : Ryan Miller              
Backup : Marc Denis               

Extra Forwards
Normal : Frans Nielsen, Sami Kapanen, Erik Christensen - PP : Frans Nielsen, Sami Kapanen - PK : Erik Christensen
Extra Defensemen
Normal : Tomas Kloucek, Anton Stralman, Denis Grebeshkov - PP : Tomas Kloucek - PK : Anton Stralman, Denis Grebeshkov
Penalty Shots
Marian Gaborik, Tim Connolly, Drew Miller, Saku Koivu, Tyler Ennis

% Time on Ice - Blue Jackets

Lines # - Real PCT - Wanted PCT - Time Play
Normal Forward
1 - 29% - 40% - 11:35
2 - 28% - 27% - 11:03
3 - 27% - 23% - 10:37
4 - 17% - 10% - 6:47
Normal Defense
1 - 36% - 40% - 14:19
2 - 34% - 30% - 13:43
3 - 27% - 20% - 11:00
4 - 2% - 10% - 1:00
PP Forward
1 - 50% - 60% - 5:04
2 - 50% - 40% - 5:10
PP Defense
1 - 56% - 60% - 5:41
2 - 44% - 40% - 4:33
PK Forward
1 - 80% - 60% - 5:36
2 - 20% - 40% - 1:25
PK Defense
1 - 61% - 60% - 4:15
2 - 39% - 40% - 2:46
PK3 Forward
1 - 0% - 60%
2 - 0% - 40%
PK3 Defense
1 - 0% - 60%
2 - 0% - 40%
44 Forward
1 - 82% - 60% - 1:28
2 - 18% - 40% - 0:19
44 Defense
1 - 100% - 60% - 1:47
2 - 0% - 40% - 0:00
Last Minute Offensive  - 0:00
Last Minute Defensive  - 0:56
Total
Forward - 60:00
Defense - 60:00

% Time on Ice - Coyotes

Lines # - Real PCT - Wanted PCT - Time Play
Normal Forward
1 - 32% - 35% - 12:37
2 - 29% - 32% - 11:31
3 - 25% - 25% - 10:09
4 - 14% - 8% - 5:42
Normal Defense
1 - 39% - 44% - 15:43
2 - 36% - 35% - 14:18
3 - 23% - 20% - 9:23
4 - 1% - 1% - 0:35
PP Forward
1 - 54% - 60% - 3:49
2 - 46% - 40% - 3:12
PP Defense
1 - 62% - 60% - 4:23
2 - 38% - 40% - 2:38
PK Forward
1 - 71% - 60% - 7:16
2 - 29% - 40% - 2:58
PK Defense
1 - 61% - 60% - 6:14
2 - 39% - 40% - 4:00
PK3 Forward
1 - 0% - 60%
2 - 0% - 40%
PK3 Defense
1 - 0% - 60%
2 - 0% - 40%
44 Forward
1 - 87% - 60% - 1:33
2 - 13% - 40% - 0:14
44 Defense
1 - 68% - 60% - 1:13
2 - 32% - 40% - 0:34
Last Minute Offensive  - 0:59
Last Minute Defensive  - 0:00
Total
Forward - 60:00
Defense - 60:00

Play by Play

1st period


0:01 of 1st period - Tim Connolly wins face-off versus Marc Savard in neutral zone.
0:08 of 1st period - Marian Gaborik is hit by Marc Savard and loses puck.
0:15 of 1st period - Snap shot by Patric Hornqvist.
0:15 of 1st period - Shot Misses the Net.
0:25 of 1st period - Ramzi Abid is hit by Saku Koivu and loses puck.
0:36 of 1st period - Denis Grebeshkov is hit by Kevin Bieksa and loses puck.
0:56 of 1st period - Snap shot by Sergei Gonchar.
0:56 of 1st period - Stopped by Rick DiPietro without a rebound.
0:57 of 1st period - Erik Christensen wins face-off versus Dave Steckel in Blue Jackets zone.
1:02 of 1st period - Slapshot by Sergei Gonchar.
1:02 of 1st period - Stopped by Rick DiPietro with a rebound.
1:30 of 1st period - Snap shot by Chad Larose.
1:30 of 1st period - Shot Misses the Net.
1:32 of 1st period - Slapshot by Erik Cole.
1:32 of 1st period - Stopped by Rick DiPietro without a rebound.
1:33 of 1st period - Marcus Nilson wins face-off versus Tim Connolly in Blue Jackets zone.
1:42 of 1st period - Drew Miller is hit by Jason Ward.
2:00 of 1st period - Wade Redden is hit by Tyler Ennis and loses puck.
2:07 of 1st period - Slapshot by Erik Cole.
2:07 of 1st period - Shot Blocked by Branislav Mezei.
2:09 of 1st period - Slapshot by Denis Grebeshkov.
2:09 of 1st period - Shot Misses the Net.
2:11 of 1st period - Snap shot by Chad Larose.
2:11 of 1st period - Stopped by Rick DiPietro with a rebound.
2:13 of 1st period - Slapshot by Kurt Sauer.
2:13 of 1st period - Stopped by Rick DiPietro without a rebound.
2:14 of 1st period - Saku Koivu wins face-off versus Marc Savard in Blue Jackets zone.
2:17 of 1st period - Backhand shot by Saku Koivu.
2:17 of 1st period - Shot Misses the Net.
2:25 of 1st period - Wrist shot by Patric Hornqvist.
2:25 of 1st period - Stopped by Ryan Miller without a rebound.
2:26 of 1st period - Jan Bulis wins face-off versus Saku Koivu in Coyotes zone.
2:29 of 1st period - Wrist shot by Jan Bulis.
2:29 of 1st period - Stopped by Ryan Miller with a rebound.
2:58 of 1st period - Snap shot by Marc Savard.
2:58 of 1st period - Shot Blocked by Sergei Gonchar.
3:00 of 1st period - Slapshot by Branislav Mezei.
3:00 of 1st period - Stopped by Ryan Miller without a rebound.
3:01 of 1st period - Ramzi Abid wins face-off versus Tim Connolly in Coyotes zone.
3:06 of 1st period - Wrist shot by Ramzi Abid.
3:06 of 1st period - Shot Misses the Net.
3:10 of 1st period - Slapshot by Ramzi Abid.
3:10 of 1st period - Stopped by Ryan Miller with a rebound.
3:35 of 1st period - Snap shot by Marc Savard.
3:35 of 1st period - Stopped by Ryan Miller with a rebound.
3:47 of 1st period - Icing by Wade Redden.
3:48 of 1st period - Chad Larose wins face-off versus Pavel Bure in Blue Jackets zone.
3:53 of 1st period - Wrist shot by Erik Cole.
3:53 of 1st period - Shot Misses the Net.
3:55 of 1st period - Slapshot by Denis Grebeshkov.
3:55 of 1st period - Shot Misses the Net.
3:59 of 1st period - Wrist shot by Erik Cole.
3:59 of 1st period - Shot Misses the Net.
4:15 of 1st period - Drew Miller is hit by Branislav Mezei and loses puck.
5:02 of 1st period - Wrist shot by Erik Christensen.
5:02 of 1st period - Shot Misses the Net.
5:05 of 1st period - Icing by Mike Commodore.
5:06 of 1st period - Chris Kelly wins face-off versus Tim Connolly in Blue Jackets zone.
5:11 of 1st period - Mike Commodore is hit by Marian Gaborik and loses puck.
5:16 of 1st period - Wrist shot by Marian Gaborik.
5:16 of 1st period - Stopped by Rick DiPietro without a rebound.
5:17 of 1st period - Chad Larose wins face-off versus David Booth in Blue Jackets zone.
5:41 of 1st period - Minor Penalty to Frans Nielsen for Hooking.
5:42 of 1st period - Marc Savard wins face-off versus Drew Miller in Coyotes zone.
5:48 of 1st period - Wrist shot by Patric Hornqvist.
5:48 of 1st period - Goal by Patric Hornqvist - Blue Jackets : 1 - Coyotes : 0.
5:49 of 1st period - Tim Connolly wins face-off versus Marc Savard in neutral zone.
6:19 of 1st period - Snap shot by Jan Bulis.
6:19 of 1st period - Stopped by Ryan Miller with a rebound.
6:21 of 1st period - Slapshot by Mike Commodore.
6:21 of 1st period - Stopped by Ryan Miller with a rebound.
6:23 of 1st period - Snap shot by Ramzi Abid.
6:23 of 1st period - Shot Misses the Net.
6:53 of 1st period - Snap shot by Erik Christensen.
6:53 of 1st period - Stopped by Rick DiPietro with a rebound.
7:19 of 1st period - Backhand shot by Marian Gaborik.
7:19 of 1st period - Deflect By Tim Connolly.
7:19 of 1st period - Stopped by Rick DiPietro without a rebound.
7:20 of 1st period - Marc Savard wins face-off versus Tim Connolly in Blue Jackets zone.
7:31 of 1st period - Snap shot by Marian Gaborik.
7:31 of 1st period - Shot Misses the Net.
8:24 of 1st period - Slapshot by Chad Larose.
8:24 of 1st period - Stopped by Rick DiPietro without a rebound.
8:25 of 1st period - Erik Christensen wins face-off versus Dave Steckel in Blue Jackets zone.
8:25 of 1st period - Denis Grebeshkov is hit by Dave Steckel and loses puck.
8:49 of 1st period - Icing by Marian Gaborik.
8:50 of 1st period - Tim Connolly wins face-off versus Marc Savard in Coyotes zone.
8:50 of 1st period - Tim Connolly is hit by David Booth.
9:04 of 1st period - Wrist shot by Marian Gaborik.
9:04 of 1st period - Shot Hit the Post.
9:06 of 1st period - Slapshot by Kurt Sauer.
9:06 of 1st period - Deflect By Tim Connolly.
9:06 of 1st period - Stopped by Rick DiPietro without a rebound.
9:07 of 1st period - Saku Koivu wins face-off versus Jan Bulis in Blue Jackets zone.
9:37 of 1st period - Marc Savard is hit by Drew Miller and loses puck.
9:56 of 1st period - Snap shot by Chad Larose.
9:56 of 1st period - Goal by Chad Larose - Blue Jackets : 1 - Coyotes : 1.
9:57 of 1st period - Marc Savard wins face-off versus Saku Koivu in neutral zone.
10:00 of 1st period - Snap shot by Marc Savard.
10:00 of 1st period - Shot Misses the Net.
10:02 of 1st period - Slapshot by Branislav Mezei.
10:02 of 1st period - Stopped by Ryan Miller with a rebound.
10:04 of 1st period - Snap shot by Patric Hornqvist.
10:04 of 1st period - Stopped by Ryan Miller with a rebound.
10:06 of 1st period - Slapshot by Branislav Mezei.
10:06 of 1st period - Stopped by Ryan Miller with a rebound.
10:22 of 1st period - Erik Cole is hit by Wade Redden and loses puck.
10:31 of 1st period - Snap shot by Chad Larose.
10:31 of 1st period - Shot Misses the Net.
10:45 of 1st period - Wrist shot by Marian Gaborik.
10:45 of 1st period - Stopped by Rick DiPietro without a rebound.
10:46 of 1st period - Chris Kelly wins face-off versus Saku Koivu in Blue Jackets zone.
10:51 of 1st period - Marcus Nilson is hit by Frans Nielsen and loses puck.
11:12 of 1st period - Drew Miller is hit by David Booth and loses puck.
12:19 of 1st period - Wade Redden is hit by Frans Nielsen and loses puck.
12:22 of 1st period - Snap shot by Branislav Mezei.
12:22 of 1st period - Stopped by Ryan Miller with a rebound.
12:28 of 1st period - Minor Penalty to Chris Stewart for Hooking.
12:29 of 1st period - Drew Miller wins face-off versus Marc Savard in Coyotes zone.
12:29 of 1st period - Drew Miller is hit by Patric Hornqvist.
13:01 of 1st period - Slapshot by Ramzi Abid.
13:01 of 1st period - Stopped by Ryan Miller with a rebound.
13:03 of 1st period - Slapshot by Branislav Mezei.
13:03 of 1st period - Shot Blocked by Kurt Sauer.
13:05 of 1st period - Wrist shot by Jan Bulis.
13:05 of 1st period - Shot Misses the Net.
13:15 of 1st period - Minor Penalty to Kevin Bieksa for Tripping.
13:16 of 1st period - Marc Savard wins face-off versus Marian Gaborik in Blue Jackets zone.
13:57 of 1st period - Wrist shot by Jan Bulis.
13:57 of 1st period - Goal by Jan Bulis - Blue Jackets : 2 - Coyotes : 1.
13:58 of 1st period - Marc Savard wins face-off versus Marian Gaborik in neutral zone.
14:05 of 1st period - Marian Gaborik is hit by Marc Savard.
14:28 of 1st period - Penalty to Chris Stewart is over, Chris Stewart is back on ice.
14:39 of 1st period - Minor Penalty to Denis Grebeshkov for Hooking.
14:40 of 1st period - Marian Gaborik wins face-off versus Marc Savard in Coyotes zone.
14:49 of 1st period - Wrist shot by Marian Gaborik.
14:49 of 1st period - Shot Blocked by Branislav Mezei.
15:15 of 1st period - Penalty to Kevin Bieksa is over, Kevin Bieksa is back on ice.
15:16 of 1st period - Wade Redden is hit by Frans Nielsen and loses puck.
15:44 of 1st period - Andy Sutton is hit by Jan Bulis and loses puck.
16:39 of 1st period - Penalty to Denis Grebeshkov is over, Denis Grebeshkov is back on ice.
16:49 of 1st period - Wade Redden is hit by Saku Koivu and loses puck.
17:34 of 1st period - Wrist shot by Erik Cole.
17:34 of 1st period - Stopped by Rick DiPietro with a rebound.
17:41 of 1st period - Icing by Jan Bulis.
17:42 of 1st period - Frans Nielsen wins face-off versus Ramzi Abid in Blue Jackets zone.
18:49 of 1st period - Minor Penalty to Dave Steckel for Slashing.
18:50 of 1st period - Marc Savard wins face-off versus Tim Connolly in Blue Jackets zone.
19:01 of 1st period - Snap shot by Marian Gaborik.
19:01 of 1st period - Deflect By Tim Connolly.
19:01 of 1st period - Shot Misses the Net.
19:01 of 1st period - Puck is out of play.
19:02 of 1st period - Marc Savard wins face-off versus Tim Connolly in Blue Jackets zone.
19:11 of 1st period - Slapshot by Tim Connolly.
19:11 of 1st period - Shot Misses the Net.
19:27 of 1st period - Wade Redden is hit by Sergei Gonchar and loses puck.
19:54 of 1st period - François Beauchemin is hit by Tim Connolly and loses puck.
Goals for this period are 2 for Blue Jackets vs 1 for Coyotes.
Shots for this period are 14 for Blue Jackets vs 13 for Coyotes.

2nd period


0:01 of 2nd period - Marc Savard wins face-off versus Tim Connolly in neutral zone.
0:49 of 2nd period - Penalty to Dave Steckel is over, Dave Steckel is back on ice.
1:09 of 2nd period - Icing by Chad Larose.
1:10 of 2nd period - Chris Kelly wins face-off versus Chad Larose in Coyotes zone.
1:19 of 2nd period - Snap shot by Chris Kelly.
1:19 of 2nd period - Shot Blocked by Chad Larose.
1:34 of 2nd period - Icing by Drew Miller.
1:35 of 2nd period - Tim Connolly wins face-off versus Ramzi Abid in Coyotes zone.
2:06 of 2nd period - Wrist shot by Saku Koivu.
2:06 of 2nd period - Stopped by Rick DiPietro with a rebound.
2:45 of 2nd period - Icing by Tim Connolly.
2:46 of 2nd period - Chris Kelly wins face-off versus Tim Connolly in Coyotes zone.
3:10 of 2nd period - Snap shot by Kurt Sauer.
3:10 of 2nd period - Shot Blocked by Marcus Nilson.
3:12 of 2nd period - Snap shot by Tim Connolly.
3:12 of 2nd period - Stopped by Rick DiPietro with a rebound.
3:14 of 2nd period - Backhand shot by Kurt Sauer.
3:14 of 2nd period - Shot Blocked by Chris Kelly.
3:16 of 2nd period - Snap shot by Tim Connolly.
3:16 of 2nd period - Stopped by Rick DiPietro with a rebound.
3:22 of 2nd period - Snap shot by Marian Gaborik.
3:22 of 2nd period - Deflect By Drew Miller.
3:22 of 2nd period - Stopped by Rick DiPietro without a rebound.
3:23 of 2nd period - Saku Koivu wins face-off versus Marc Savard in Blue Jackets zone.
3:34 of 2nd period - Wrist shot by Frans Nielsen.
3:34 of 2nd period - Shot Misses the Net.
3:36 of 2nd period - Slapshot by Chris Stewart.
3:36 of 2nd period - Shot Misses the Net.
3:38 of 2nd period - Wrist shot by Saku Koivu.
3:38 of 2nd period - Goal by Saku Koivu - Blue Jackets : 2 - Coyotes : 2.
3:39 of 2nd period - Marc Savard wins face-off versus Tim Connolly in neutral zone.
3:41 of 2nd period - Minor Penalty to Marc Savard for Slashing.
3:42 of 2nd period - Tim Connolly wins face-off versus Jason Ward in Blue Jackets zone.
4:21 of 2nd period - Snap shot by Chris Stewart.
4:21 of 2nd period - Stopped by Rick DiPietro without a rebound.
4:22 of 2nd period - Saku Koivu wins face-off versus Chris Kelly in Blue Jackets zone.
4:27 of 2nd period - Snap shot by Frans Nielsen.
4:27 of 2nd period - Shot Misses the Net.
4:29 of 2nd period - Slapshot by Sami Kapanen.
4:29 of 2nd period - Stopped by Rick DiPietro with a rebound.
4:31 of 2nd period - Slapshot by Sami Kapanen.
4:31 of 2nd period - Stopped by Rick DiPietro with a rebound.
4:33 of 2nd period - Wrist shot by Frans Nielsen.
4:33 of 2nd period - Goal by Frans Nielsen - Blue Jackets : 2 - Coyotes : 3.
4:34 of 2nd period - Saku Koivu wins face-off versus Marc Savard in neutral zone.
4:47 of 2nd period - Backhand shot by Chris Stewart.
4:47 of 2nd period - Shot Misses the Net.
5:04 of 2nd period - Backhand shot by David Booth.
5:04 of 2nd period - Shot Misses the Net.
5:06 of 2nd period - Snap shot by Patric Hornqvist.
5:06 of 2nd period - Goal by Patric Hornqvist - Blue Jackets : 3 - Coyotes : 3.
5:07 of 2nd period - Jan Bulis wins face-off versus Tim Connolly in neutral zone.
5:10 of 2nd period - Slapshot by Branislav Mezei.
5:10 of 2nd period - Shot Blocked by Marian Gaborik.
5:45 of 2nd period - Wrist shot by Frans Nielsen.
5:45 of 2nd period - Stopped by Rick DiPietro with a rebound.
6:47 of 2nd period - Slapshot by Marian Gaborik.
6:47 of 2nd period - Shot Blocked by Mike Commodore.
7:21 of 2nd period - Denis Grebeshkov is hit by Patric Hornqvist and loses puck.
8:00 of 2nd period - Snap shot by Marian Gaborik.
8:00 of 2nd period - Stopped by Rick DiPietro without a rebound.
8:01 of 2nd period - Chad Larose wins face-off versus Patric Hornqvist in Blue Jackets zone.
8:16 of 2nd period - Wrist shot by Chad Larose.
8:16 of 2nd period - Stopped by Rick DiPietro without a rebound.
8:17 of 2nd period - Tim Connolly wins face-off versus Jan Bulis in Blue Jackets zone.
8:54 of 2nd period - Wrist shot by Marian Gaborik.
8:54 of 2nd period - Stopped by Rick DiPietro without a rebound.
8:55 of 2nd period - Marc Savard wins face-off versus Saku Koivu in Blue Jackets zone.
9:28 of 2nd period - Wrist shot by Tyler Ennis.
9:28 of 2nd period - Stopped by Rick DiPietro without a rebound.
9:29 of 2nd period - Saku Koivu wins face-off versus Ramzi Abid in Blue Jackets zone.
9:30 of 2nd period - Snap shot by Chris Stewart.
9:30 of 2nd period - Shot Misses the Net.
9:32 of 2nd period - Slapshot by Sergei Gonchar.
9:32 of 2nd period - Shot Misses the Net.
9:44 of 2nd period - Wrist shot by Ramzi Abid.
9:44 of 2nd period - Shot Blocked by Saku Koivu.
10:13 of 2nd period - Off-side.
10:14 of 2nd period - Tim Connolly wins face-off versus David Booth in neutral zone.
10:41 of 2nd period - Branislav Mezei is hit by Anton Stralman and loses puck.
10:47 of 2nd period - Wade Redden is hit by Anton Stralman and loses puck.
11:58 of 2nd period - Minor Penalty to Jan Bulis for Slashing.
11:59 of 2nd period - Tim Connolly wins face-off versus Marc Savard in Blue Jackets zone.
12:16 of 2nd period - Snap shot by Tim Connolly.
12:16 of 2nd period - Stopped by Rick DiPietro without a rebound.
12:17 of 2nd period - Marc Savard wins face-off versus Saku Koivu in Blue Jackets zone.
13:44 of 2nd period - Wade Redden is hit by Marian Gaborik.
13:58 of 2nd period - Penalty to Jan Bulis is over, Jan Bulis is back on ice.
14:08 of 2nd period - Wrist shot by Adam Deadmarsh.
14:08 of 2nd period - Stopped by Ryan Miller without a rebound.
14:09 of 2nd period - Chad Larose wins face-off versus Jan Bulis in Coyotes zone.
15:25 of 2nd period - Wrist shot by Patric Hornqvist.
15:25 of 2nd period - Shot Blocked by Drew Miller.
15:28 of 2nd period - Icing by Marian Gaborik.
15:29 of 2nd period - Marc Savard wins face-off versus Tim Connolly in Coyotes zone.
15:32 of 2nd period - Wrist shot by David Booth.
15:32 of 2nd period - Goal by David Booth - Blue Jackets : 4 - Coyotes : 3.
15:33 of 2nd period - Tim Connolly wins face-off versus Marc Savard in neutral zone.
16:31 of 2nd period - Denis Grebeshkov is hit by Chris Kelly and loses puck.
16:56 of 2nd period - Snap shot by Jason Ward.
16:56 of 2nd period - Stopped by Ryan Miller with a rebound.
17:02 of 2nd period - Snap shot by Jason Ward.
17:02 of 2nd period - Shot Misses the Net.
17:04 of 2nd period - Backhand shot by Kevin Bieksa.
17:04 of 2nd period - Stopped by Ryan Miller with a rebound.
17:12 of 2nd period - Snap shot by Chris Kelly.
17:12 of 2nd period - Shot Misses the Net.
17:31 of 2nd period - Minor Penalty to Kevin Bieksa for Hooking.
17:32 of 2nd period - Saku Koivu wins face-off versus Marc Savard in Blue Jackets zone.
19:31 of 2nd period - Penalty to Kevin Bieksa is over, Kevin Bieksa is back on ice.
19:51 of 2nd period - Erik Cole is hit by Ramzi Abid and loses puck.
Goals for this period are 2 for Blue Jackets vs 2 for Coyotes.
Shots for this period are 5 for Blue Jackets vs 15 for Coyotes.

3rd period


0:01 of 3rd period - Marc Savard wins face-off versus Saku Koivu in neutral zone.
1:50 of 3rd period - François Beauchemin is hit by Kurt Sauer and loses puck.
2:01 of 3rd period - Wrist shot by Ramzi Abid.
2:01 of 3rd period - Shot Misses the Net.
3:19 of 3rd period - Snap shot by Adam Deadmarsh.
3:19 of 3rd period - Stopped by Ryan Miller with a rebound.
3:21 of 3rd period - Snap shot by Jan Bulis.
3:21 of 3rd period - Shot Blocked by Saku Koivu.
3:23 of 3rd period - Slapshot by Ramzi Abid.
3:23 of 3rd period - Shot Blocked by Frans Nielsen.
3:25 of 3rd period - Wrist shot by Ramzi Abid.
3:25 of 3rd period - Stopped by Ryan Miller without a rebound.
3:26 of 3rd period - Tim Connolly wins face-off versus Marc Savard in Coyotes zone.
3:28 of 3rd period - Minor Penalty to Sergei Gonchar for Interference.
3:29 of 3rd period - Marc Savard wins face-off versus Drew Miller in Coyotes zone.
4:44 of 3rd period - Kevin Bieksa is hit by Kurt Sauer and loses puck.
4:57 of 3rd period - Adam Deadmarsh is hit by Frans Nielsen and loses puck.
5:28 of 3rd period - Penalty to Sergei Gonchar is over, Sergei Gonchar is back on ice.
5:31 of 3rd period - Slapshot by Denis Grebeshkov.
5:31 of 3rd period - Stopped by Rick DiPietro with a rebound.
5:47 of 3rd period - Minor Penalty to Tomas Kloucek for Interference.
5:48 of 3rd period - Jan Bulis wins face-off versus Drew Miller in Coyotes zone.
6:26 of 3rd period - Kurt Sauer is hit by François Beauchemin and loses puck.
7:28 of 3rd period - Ramzi Abid is hit by Erik Christensen.
7:47 of 3rd period - Penalty to Tomas Kloucek is over, Tomas Kloucek is back on ice.
8:16 of 3rd period - Chris Kelly is hit by Chad Larose and loses puck.
8:37 of 3rd period - Wade Redden is hit by Sami Kapanen and loses puck.
9:04 of 3rd period - Frans Nielsen is hit by Jason Ward and loses puck.
9:15 of 3rd period - Denis Grebeshkov is hit by David Booth.
9:32 of 3rd period - Erik Cole is hit by Adam Deadmarsh and loses puck.
9:43 of 3rd period - Jeff Taffe is hit by Erik Christensen and loses puck.
10:21 of 3rd period - Brad Stuart is hit by Anton Stralman and loses puck.
10:28 of 3rd period - Slapshot by Erik Cole.
10:28 of 3rd period - Shot Blocked by Mike Commodore.
11:09 of 3rd period - Minor Penalty to Tim Connolly for Slashing.
11:10 of 3rd period - Marc Savard wins face-off versus Drew Miller in Coyotes zone.
11:23 of 3rd period - David Booth is hit by Chad Larose and loses puck.
11:52 of 3rd period - Anton Stralman is hit by Ramzi Abid and loses puck.
12:11 of 3rd period - Icing by Ramzi Abid.
12:12 of 3rd period - Jan Bulis wins face-off versus Frans Nielsen in Blue Jackets zone.
12:24 of 3rd period - Icing by Jan Bulis.
12:25 of 3rd period - Drew Miller wins face-off versus Jan Bulis in Blue Jackets zone.
12:26 of 3rd period - Slapshot by Chad Larose.
12:26 of 3rd period - Shot Misses the Net.
12:34 of 3rd period - Snap shot by Kevin Bieksa.
12:34 of 3rd period - Stopped by Ryan Miller with a rebound.
12:36 of 3rd period - Slapshot by Kevin Bieksa.
12:36 of 3rd period - Stopped by Ryan Miller without a rebound.
12:37 of 3rd period - Marc Savard wins face-off versus Drew Miller in Coyotes zone.
12:40 of 3rd period - Slapshot by David Booth.
12:40 of 3rd period - Stopped by Ryan Miller with a rebound.
12:42 of 3rd period - Wrist shot by Patric Hornqvist.
12:42 of 3rd period - Shot Misses the Net.
13:09 of 3rd period - Penalty to Tim Connolly is over, Tim Connolly is back on ice.
13:13 of 3rd period - Icing by François Beauchemin.
13:14 of 3rd period - Saku Koivu wins face-off versus Jan Bulis in Blue Jackets zone.
13:17 of 3rd period - Snap shot by Saku Koivu.
13:17 of 3rd period - Stopped by Rick DiPietro with a rebound.
14:19 of 3rd period - Chad Larose is hit by Pavel Bure and loses puck.
14:46 of 3rd period - Snap shot by Marc Savard.
14:46 of 3rd period - Shot Misses the Net.
14:56 of 3rd period - Denis Grebeshkov is hit by Ramzi Abid and loses puck.
15:24 of 3rd period - Slapshot by Marian Gaborik.
15:24 of 3rd period - Stopped by Rick DiPietro with a rebound.
15:26 of 3rd period - Slapshot by Andy Sutton.
15:26 of 3rd period - Stopped by Rick DiPietro with a rebound.
15:28 of 3rd period - Wrist shot by Drew Miller.
15:28 of 3rd period - Shot Misses the Net.
15:38 of 3rd period - Marc Savard is hit by Andy Sutton and loses puck.
15:49 of 3rd period - Patric Hornqvist is hit by Tyler Ennis and loses puck.
16:22 of 3rd period - Snap shot by Wade Redden.
16:22 of 3rd period - Stopped by Ryan Miller without a rebound.
16:23 of 3rd period - Erik Christensen wins face-off versus Jan Bulis in Coyotes zone.
16:54 of 3rd period - Off-side.
16:55 of 3rd period - Chad Larose wins face-off versus Chris Kelly in neutral zone.
17:01 of 3rd period - Minor Penalty to Tyler Ennis for Hooking.
17:02 of 3rd period - Marc Savard wins face-off versus Drew Miller in Coyotes zone.
17:05 of 3rd period - Snap shot by Marc Savard.
17:05 of 3rd period - Stopped by Ryan Miller without a rebound.
17:06 of 3rd period - Marc Savard wins face-off versus Drew Miller in Coyotes zone.
19:01 of 3rd period - Penalty to Tyler Ennis is over, Tyler Ennis is back on ice.
19:20 of 3rd period - Marian Gaborik is hit by Jason Ward.
19:32 of 3rd period - Coyotes, Ryan Miller is pulled from the net.
19:42 of 3rd period - Jeff Taffe is hit by Marian Gaborik and loses puck.
Goals for this period are 0 for Blue Jackets vs 0 for Coyotes.
Shots for this period are 7 for Blue Jackets vs 4 for Coyotes.


Output by the SimonT Hockey Simulator (STHS) for François Prévost -- Original Page W3C XHTML 1.0 Valid
Hockey Simulator - Hockey Simulation - Hockey Manager